 Dungeon Crawl Stone Soup version 0.18-a0-1164-g7046a04 (webtiles) character file.

2279 Kidiri the Covert (level 9, 0/42 HPs)
             Began as a Spriggan Enchanter on Jan 24, 2016.
             Was an Initiate of Dithmenos.
             Slain by a hippogriff (5 damage)
             ... on level 8 of the Dungeon on Jan 25, 2016.
             The game lasted 00:28:06 (9921 turns).

Kidiri the Covert (Spriggan Enchanter)              Turns: 9921, Time: 00:28:06

Health: 0/42       AC:  4    Str:  4    XL:     9   Next: 16%
Magic:  11/19      EV: 24    Int: 18    God:    Dithmenos [......]
Gold:   296        SH:  0    Dex: 18    Spells: 5 memorised, 9 levels left

rFire  + . .     SeeInvis +     a - +1 dagger (venom)
rCold  . . .     Gourm    .     b - +1 robe
rNeg   + . .     Faith    .     (shield restricted)
rPois  .         Spirit   .     (helmet restricted)
rElec  .         Dismiss  .     t - +0 cloak
rCorr  .         Reflect  .     (gloves unavailable)
SustAt .         Harm     .     (boots unavailable)
MR     +....                    (no amulet)
Stlth  +++++.....               (no ring)
                                m - ring of positive energy

@: very slightly contaminated, very quick, somewhat resistant to hostile
enchantments, quite stealthy
A: unfitting armour, horns 1, see invisible, blink, fire resistance 1, herbivore
3, speed 3, slow metabolism 2, wild magic 1
a: Blink, Renounce Religion


You were on level 8 of the Dungeon.
You worshipped Dithmenos.
Dithmenos was noncommittal.
You were not hungry.

You visited 2 branches of the dungeon, and saw 9 of its levels.

You collected 296 gold pieces.

Inventory:

Hand Weapons
 a - a +1 dagger of venom (weapon)
 x - a +0 rapier
Armour
 b - a +1 robe (worn)
 s - a +1 troll leather armour
 t - a +0 cloak (worn)
Jewellery
 m - a ring of positive energy (left hand)
Wands
 v - a wand of lightning (11/15)
Scrolls
 g - 2 scrolls of teleportation
 i - a scroll of recharging
 o - a scroll of enchant armour
 p - a scroll of fog
 r - 5 scrolls of remove curse
 u - a scroll of identify
Potions
 e - 2 potions of lignification
 f - a potion of brilliance
 h - 3 potions of flight
 j - a potion of cure mutation
 k - 4 potions of curing
 l - 3 potions of cancellation
 n - a potion of invisibility
 q - 2 potions of might
 w - 2 potions of resistance {unknown}
Books
 c - a book of Maledictions

   Spells                             Type                      Level
   a - Corona                         Hexes                        1
   b - Ensorcelled Hibernation        Hexes/Ice                    2
   c - Confuse                        Hexes                        3
   d - Tukima's Dance                 Hexes                        3
   e - Dazzling Spray                 Conjuration/Hexes            3
Comestibles
 d - 7 bread rations


   Skills:
 + Level 2.2 Fighting
 * Level 5.2 Short Blades
 + Level 2.2 Armour
 * Level 7.7 Dodging
 * Level 8.4 Stealth
 * Level 6.5 Spellcasting
 + Level 2.3 Conjurations
 + Level 5.4 Hexes
 + Level 2.3 Ice Magic
 + Level 0.0 Invocations


You had 9 spell levels left.
You knew the following spells:

 Your Spells              Type           Power        Failure   Level  Hunger
a - Corona                Hex            #####..      4%          1    None
b - Ensorcelled Hibernat  Hex/Ice        ####..       9%          2    None
c - Confuse               Hex            #####...     9%          3    ##.....
d - Tukima's Dance        Hex            #####...     9%          3    ##.....
e - Dazzling Spray        Conj/Hex       ####....     19%         3    ##.....


Dungeon Overview and Level Annotations

Branches:
Dungeon (8/15)             Temple (1/1) D:7
   Lair: D:8-11

Altars:
Ashenzari
Cheibriados
Dithmenos
Elyvilon
Fedhas
Gozag
Kikubaaqudgha
Makhleb
Nemelex Xobeh
Okawaru
Pakellas
Qazlal
Ru
Sif Muna
Trog
Vehumet
Xom
Zin
The Shining One


Innate Abilities, Weirdness & Mutations

You are tiny and cannot use many weapons and most armour.
You have supernaturally acute eyesight.
You are a herbivore.
You cover ground extremely quickly.
You need consume almost no food.
You have a pair of small horns on your head.
You can translocate small distances at will.
Your flesh is heat resistant.
Your spells are a little harder to cast, but a little more powerful.


Message History

Press: ? - help, Shift-Dir - straight line, f/p - hippogriff
Aim: a hippogriff (heavily wounded, poisoned)
You miscast Dazzling Spray.
You are very lightly contaminated with residual magic.
You feel a bit tired. The hippogriff barely misses you.
The hippogriff pecks you!
* * * LOW HITPOINT WARNING * * *
The hippogriff closely misses you.
Unknown command.
You see here 16 arrows.
Casting: Dazzling Spray
Confirm with . or Enter, or press ? or * to list all spells.
Aiming: Dazzling Spray
Press: ? - help, Shift-Dir - straight line, f/p - hippogriff
Aim: a hippogriff (heavily wounded, poisoned)
The spray of energy hits the hippogriff.
The hippogriff is severely wounded.
The hippogriff is dazzled.
The hippogriff bites you.
You die...

#. #.
#.##############
#..............##
#................
#..............##
#................
#....(.H@.?....#
#.#+#.##########
#.# #.# #.# #.#
#.# #.# #.#


You could see a hippogriff (blind).

Vanquished Creatures
  Sigmund (D:4)
  The ghost of Duffy the Chopper, an amateur GrFi (D:4)
  A water moccasin (D:6)
  An ice beast (D:7)
  2 orc warriors (D:7)
  2 centaurs
  An ogre (D:7)
  A giant frog (D:7)
  A scorpion (D:6)
  A hound (D:7)
  5 orc priests
  A centaur skeleton (D:5)
  3 jellies
  A giant frog skeleton (D:7)
  3 iron imps (D:7)
  Ijyb (D:2)
  An iguana (D:6)
  3 orc wizards
  5 worker ants
  Robin (D:4)
  A worker ant zombie (D:5)
  10 adders
  A shadow imp (D:5)
  3 oozes
  7 worms
  2 adder skeletons (D:7)
  6 giant geckos
  16 orcs
  A ball python (D:2)
  5 bats
  3 giant cockroaches
  20 goblins
  12 hobgoblins
  26 jackals
  8 kobolds
  3 quokkas
  A giant gecko skeleton (D:4)
  2 giant gecko zombies
  5 giant newts
  A quokka zombie (D:5)
  8 rats
177 creatures vanquished.

Vanquished Creatures (collateral kills)
  A sky beast (D:7)
  An orc warrior (D:7)
  3 ogres
  A hound (D:7)
  An orc wizard (D:7)
  4 orcs
  A hobgoblin (D:4)
12 creatures vanquished.

Grand Total: 189 creatures vanquished

Notes
Turn   | Place    | Note
--------------------------------------------------------------
     0 | D:1      | Kidiri the Spriggan Enchanter began the quest for the Orb.
     0 | D:1      | Reached XP level 1. HP: 9/9 MP: 5/5
     0 | D:1      | Upgraded the game from 0.18-a0-1160-geb89fc2 to 0.18-a0-1164-g7046a04
   535 | D:1      | Reached XP level 2. HP: 13/13 MP: 4/6
   887 | D:1      | Learned a level 2 spell: Ensorcelled Hibernation
  1477 | D:1      | Reached XP level 3. HP: 16/16 MP: 8/8
  1488 | D:1      | Learned a level 3 spell: Dazzling Spray
  2190 | D:2      | Noticed Ijyb
  2211 | D:2      | Killed Ijyb
  2211 | D:2      | Reached XP level 4. HP: 12/21 MP: 1/9
  2332 | D:2      | Learned a level 3 spell: Confuse
  2570 | D:2      | Reached skill level 5 in Stealth
  3636 | D:3      | Reached XP level 5. HP: 25/25 MP: 9/11
  3983 | D:3      | Found a radiant altar of Vehumet.
  4556 | D:3      | Found a deep blue altar of Sif Muna.
  4852 | D:4      | Reached skill level 1 in Armour
  4945 | D:4      | Noticed Sigmund
  4955 | D:4      | Killed Sigmund
  4955 | D:4      | Reached skill level 1 in Fighting
  4955 | D:4      | Reached skill level 5 in Dodging
  4955 | D:4      | Reached skill level 1 in Ice Magic
  4955 | D:4      | Reached XP level 6. HP: 30/30 MP: 8/13
  5313 | D:4      | Noticed Duffy's ghost (amateur GrFi)
  5365 | D:4      | Noticed Robin
  5369 | D:4      | Killed Robin
  5369 | D:4      | Reached skill level 6 in Stealth
  5426 | D:4      | Learned a level 3 spell: Tukima's Dance
  5469 | D:4      | Killed Duffy's ghost
  5469 | D:4      | Reached skill level 1 in Conjurations
  5469 | D:4      | Reached XP level 7. HP: 33/33 MP: 11/14
  6388 | D:5      | Entered Level 5 of the Dungeon
  6751 | D:5      | Found an oddly glowing altar of Pakellas.
  6752 | D:5      | Found a stormy altar of Qazlal.
  6755 | D:5      | Found a sparkling altar of Nemelex Xobeh.
  7066 | D:5      | Reached skill level 5 in Spellcasting
  7393 | D:5      | Gained mutation: You tend to lose your temper in combat. [potion of mutation]
  7393 | D:5      | Gained mutation: You can translocate small distances at will. [potion of mutation]
  7393 | D:5      | Gained mutation: Your flesh is heat resistant. [potion of mutation]
  7394 | D:5      | Gained mutation: You have a pair of small horns on your head. [potion of mutation]
  7394 | D:5      | Gained mutation: Your spells are a little harder to cast, but a little more powerful. [potion of mutation]
  7394 | D:5      | Lost mutation: You tend to lose your temper in combat. [potion of mutation]
  7476 | D:5      | Found a shattered altar of Ashenzari.
  7578 | D:6      | Reached skill level 5 in Hexes
  7698 | D:6      | Reached XP level 8. HP: 37/37 MP: 15/17
  8322 | D:6      | Reached skill level 7 in Stealth
  8921 | D:7      | Found a burning altar of Makhleb.
  8929 | D:7      | Reached skill level 5 in Short Blades
  8929 | D:7      | Reached skill level 8 in Stealth
  9051 | D:7      | Reached XP level 9. HP: 42/42 MP: 13/19
  9412 | D:7      | Found a bloodstained altar of Trog.
  9610 | D:7      | Found a staircase to the Ecumenical Temple.
  9616 | Temple   | Entered the Ecumenical Temple
  9819 | Temple   | Became a worshipper of Dithmenos the Shadowed
  9921 | D:8      | Slain by a hippogriff

Vault maps used:
D:1:      eino_arrival_water_cross
D:2:      kennysheep_big_flooded_room, uniq_iyjb
D:3:      led_sif_book, vehumet_crystals
D:4:      first_bread, uniq_robin, uniq_sigmund
D:5:      grunt_temple_overflow_open, basic_altar
D:7:      demons_altar, kennysheep_little_box, minmay_temple_entry_nine_rooms
D:8:      grunt_ogre_cave, okawaru_ov_weapons_minmay
Temple:   eino_temple_water_12

Action                   |  1- 3 |  4- 6 |  7- 9 || total
-------------------------+-------+-------+-------++-------
Melee: Dagger            |    58 |   154 |   248 ||   460
       Short sword       |    87 |    42 |       ||   129
 Cast: Corona            |    17 |     5 |       ||    22
       Ensorcelled Hiber |    12 |    31 |    27 ||    70
       Dazzling Spray    |     1 |     5 |     7 ||    13
       Confuse           |       |     7 |    12 ||    19
       Tukima's Dance    |       |       |     8 ||     8
  Use: Scroll            |     2 |     1 |    14 ||    17
       Potion            |       |       |     6 ||     6
 Stab: Sleeping          |    13 |    37 |    36 ||    86
       Invisible         |     2 |     2 |     3 ||     7
       Distracted        |     1 |       |       ||     1
       Confused          |       |     5 |     2 ||     7
  Eat: Bread ration      |       |     1 |     1 ||     2
